 Dungeon Crawl Stone Soup version 0.18.1-48-g4cf74bf (webtiles) character file.

67 Stickman67 the Ruffian (level 4, -19/40 HPs)
             Began as a Troll Chaos Knight on July 1, 2016.
             Killed from afar by a goblin (47 damage)
             ... with an exploding inner flame
             ... led by Robin
             ... hexed by the player character
             ... on level 2 of the Dungeon.
             The game lasted 00:11:12 (1033 turns).

Stickman67 the Ruffian (Troll Chaos Knight)         Turns: 1033, Time: 00:11:13

Health: -19/40     AC:  6    Str: 21    XL:     4   Next: 0%
Magic:  3/3        EV: 10    Int:  6    God:    Xom [.*....]
Gold:   44         SH:  0    Dex:  9    Spells: 0 memorised, 3 levels left

rFire  . . .     SeeInvis .       - Unarmed
rCold  . . .     Gourm    +     a - +2 robe
rNeg   . . .     Faith    .     (no shield)
rPois  .         Spirit   .     (helmet restricted)
rElec  .         Dismiss  .     (no cloak)
rCorr  .         Reflect  .     (gloves unavailable)
SustAt .         Harm     .     (boots unavailable)
MR     .....                    (no amulet)
Stlth  +.........               (no ring)
                                (no ring)

@: very slightly contaminated, invisible, not resistant to hostile enchantments,
very unstealthy
A: unfitting armour, antennae 1, claws 3, deformed body, dopey 1, fast
metabolism 3, frail 1, gourmand, regeneration 2, shaggy fur 1, tough skin 2
a: Renounce Religion


You were on level 2 of the Dungeon.
You worshipped Xom.
You were a plaything of Xom.
You were not hungry.

You visited 1 branch of the dungeon, and saw 2 of its levels.

You collected 44 gold pieces.

Inventory:

Armour
 a - a +2 robe (worn)
Jewellery
 g - a +6 ring of protection {unknown}
Scrolls
 d - a scroll of recharging {unknown}
 f - 3 scrolls of teleportation {unknown}
 k - 5 scrolls of identify {unknown}
 l - a scroll of enchant weapon {unknown}
Potions
 h - a potion of brilliance {unknown}
 i - a potion of mutation {unknown}
Comestibles
 c - a royal jelly


   Skills:
 + Level 3.1 Fighting
 + Level 2.4 Dodging
 + Level 3.7 Unarmed Combat


You had 3 spell levels left.
You didn't know any spells.

Dungeon Overview and Level Annotations

Branches:
Dungeon (2/15)

Altars:

Annotations:
D:2 Terence


Innate Abilities, Weirdness & Mutations

You are too large for most types of armour.
You have claws for hands.
Your metabolism is lightning-fast.
You like to eat raw meat.
You heal very quickly.
You are covered in fur (AC +1).
You have very tough skin (AC +2).
You have a pair of small antennae on your head.
Armour fits poorly on your strangely shaped body.
You are dopey. (Int -2)
You are frail (-10% HP).


Message History

The goblin completely misses you.
You are very lightly contaminated with residual magic.
You catch the helpless goblin completely off-guard!
You claw the goblin!
The goblin explodes!
The fiery explosion engulfs the hobgoblin.
The hobgoblin explodes!
The fiery explosion engulfs Robin.
Robin explodes!
The fiery explosion engulfs the goblin.
The goblin explodes!
The fiery explosion engulfs the jackal.
You kill the jackal!
You have reached level 4!
The fiery explosion engulfs the goblin.
The goblin explodes!
The fiery explosion engulfs you!
Ouch! That really hurt!
You die...
Xom chortles!

... .. .. g. .
#g##.###. #...§§§..
.g...)§§# ....§#§§#
...hg§§§# #####
...hh§§@# #...#
####.§gg####.#.#
#....#....#.#
#.##.#....#.#
#.#..##.#.#..'....#.#
#.#.... #.####.[.##.#
#.....###........'..#
#...............<####
................#


You could see 3 jackals, a hobgoblin (inner flame) and 5 goblins.

Vanquished Creatures
  Robin (D:2)
  2 adders (D:2)
  2 worms
  A giant gecko (D:1)
  4 bats (D:1)
  2 giant cockroaches (D:1)
  2 goblins (D:1)
  2 hobgoblins (D:1)
  5 jackals
  5 kobolds (D:1)
  A giant newt (D:2)
  8 rats (D:1)
35 creatures vanquished.

Notes
Turn   | Place    | Note
--------------------------------------------------------------
     0 | D:1      | Stickman67 the Troll Chaos Knight began the quest for the Orb.
     0 | D:1      | Reached XP level 1. HP: 22/22 MP: 0/0
   149 | D:1      | Reached XP level 2. HP: 29/29 MP: 1/1
   155 | D:1      | XOM: harmless Chrm miscast
   317 | D:1      | XOM: give mutations
   317 | D:1      | Gained mutation: Armour fits poorly on your strangely shaped body. [Xom's mischief]
   317 | D:1      | Gained mutation: You are frail (-10% HP). [Xom's mischief]
   317 | D:1      | Gained mutation: You have a pair of small antennae on your head. [Xom's mischief]
   317 | D:1      | Gained mutation: You are dopey. (Int -2) [Xom's mischief]
   445 | D:1      | Reached XP level 3. HP: 32/32 MP: 2/2
   456 | D:1      | XOM: harmless Pois miscast
   697 | D:1      | XOM: divination: detect items
   717 | D:1      | XOM: silly message
   946 | D:2      | XOM: silly message
   977 | D:2      | Noticed Terence
   989 | D:2      | XOM: 2-stop teleportation journey
   992 | D:2      | XOM: enchant monster (good)
  1027 | D:2      | Noticed Robin
  1033 | D:2      | Killed Robin
  1033 | D:2      | Reached XP level 4. HP: 28/40 MP: 3/3
  1033 | D:2      | Killed from afar by a goblin

Skill      XL: |  1  2  3 |
---------------+----------+-----
Dodging        | 2 |  2.4
Fighting       | 3 |  3.1
Unarmed Combat | |  3.7

Action                   |  1- 3 |  4- 6 || total
-------------------------+-------+-------++-------
Melee: Unarmed           |    98 |       ||    98
       Punch             |     2 |       ||     2
  Use: Scroll            |     1 |       ||     1
       Potion            |     1 |       ||     1
 Stab: Invisible         |     1 |       ||     1
  Eat: Bread ration      |     2 |       ||     2
Armor: Robe              |    44 |       ||    44
Dodge: Dodged            |    56 |       ||    56
